[gd_scene load_steps=5 format=3 uid="uid://bcsb0plgaq1s"]

[ext_resource type="Script" path="res://usefulScripts/player/freecam.gd" id="1_tdqjj"]
[ext_resource type="PackedScene" uid="uid://b2c3p2vnxrtm6" path="res://assets/models/cordless_drill.tscn" id="2_j5t7e"]

[sub_resource type="SphereShape3D" id="SphereShape3D_3o0yw"]

[sub_resource type="SphereMesh" id="SphereMesh_0ppkb"]

[node name="freecam" type="CharacterBody3D"]
script = ExtResource("1_tdqjj")

[node name="CollisionShape3d" type="CollisionShape3D" parent="."]
transform = Transform3D(1, 0, 0, 0, 1, 0, 0, 0, 1, 0, -1, 0)
shape = SubResource("SphereShape3D_3o0yw")

[node name="Head" type="Node3D" parent="."]

[node name="MeshInstance3d" type="MeshInstance3D" parent="Head"]
transform = Transform3D(1, 0, 0, 0, 1, 0, 0, 0, 1, 0, -1, 0)
mesh = SubResource("SphereMesh_0ppkb")
skeleton = NodePath("../..")

[node name="node" parent="Head" instance=ExtResource("2_j5t7e")]
transform = Transform3D(4, 0, 0, 0, -1.74846e-07, 4, 0, -4, -1.74846e-07, 0.0187643, -1.2273, -0.16109)

[node name="node2" parent="Head" instance=ExtResource("2_j5t7e")]
transform = Transform3D(2, -1.51421e-07, 3.4641, -3.4641, -8.74228e-08, 2, 0, -4, -1.74846e-07, -0.198114, -1.12375, -0.16109)

[node name="node3" parent="Head" instance=ExtResource("2_j5t7e")]
transform = Transform3D(2, 1.51421e-07, -3.4641, 3.4641, -8.74228e-08, 2, 0, -4, -1.74846e-07, 0.216879, -1.09125, -0.16109)

[node name="Camera3d" type="Camera3D" parent="Head"]
transform = Transform3D(1, 0, 0, 0, 1, 0, 0, 0, 1, 0, 0, 2.765)

[node name="RayCast3d" type="RayCast3D" parent="Head/Camera3d"]
transform = Transform3D(2.98023e-08, 0, 1, 0, 1, 0, -1, 0, 2.98023e-08, 0, -0.00588068, 0.463024)
target_position = Vector3(60, 0, 0)
